AoeStats
← Arda Asar

Arena

510044567Analyzed
2v2 RM · 5d ago on Sep 29, 2026· 47m 15s· 4 players
Game mode
Random Map
Map size
Medium (4 player)
Population
200
Speed
Normal
Resources
Standard
Victory
Conquest
Starting age
Dark Age
Ending age
Imperial Age
RankedLock teamsTeams togetherTeam positionsShared explorationLock speedFull tech treeHidden civsTurbo modeCheats
Victory
Defeat
1627
+8
🇺🇸 Armenians · United States
1342
+19
🇹🇷 Teutons · Türkiye
1462
-15
🇹🇼 Huns · Taiwan
1403
-12
Arda Asar
6:20 Loom
9:34 Feudal Age
10:03 Town Watch
11:11 Fletching
12:47 Double-Bit Axe
15:16 Horse Collar
17:38 Wheelbarrow
19:12 Gold Mining
23:49 Castle Age
23:45 Stone Mining
26:46 Bow Saw
27:10 Heavy Plow
30:44 Fervor
35:52 Imperial Age
34:15 Hand Cart
34:30 Town Patrol
34:54 Ironclad
35:00 Bow Saw
35:31 Stone Shaft Mining
36:17 Forging
36:07 Scale Mail Armor
36:17 Forging
36:07 Scale Mail Armor
36:00 Elite Teutonic Knight
37:45 Iron Casting
37:46 Crop Rotation
38:18 Two-Man Saw
37:45 Ballistics
38:31 Chemistry
37:52 Ballistics
38:21 Conscription
38:57 Coinage
38:51 Chain Mail Armor
38:27 Gambesons
38:43 Squires
38:29 Arson
42:05 Crenellations
42:49 Blast Furnace
42:26 Plate Mail Armor
41:50 Elite Skirmisher
44:33 Banking
45:04 Bodkin Arrow
45:09 Padded Archer Armor
45:04 Bodkin Arrow
45:09 Padded Archer Armor
45:25 Masonry
47:46 Hoardings
47:20 Siege Engineers
scorpion_
10:51 Feudal Age
14:26 Castle Age
15:20 Scale Barding Armor
16:46 Chain Barding Armor
20:24 Horse Collar
21:59 Forging
26:16 Loom
27:19 Iron Casting
26:38 Man-at-Arms
27:20 Squires
28:09 Scale Mail Armor
28:10 Long Swordsman
30:42 Bloodlines
30:32 Husbandry
31:35 Chain Mail Armor
38:18 Imperial Age
35:47 Double-Bit Axe
41:15 Imperial Age
42:16 Heavy Cavalry Archer
43:23 Parthian Tactics
42:50 Fletching
43:01 Padded Archer Armor
44:08 Wheelbarrow
43:48 Thumb Ring
43:40 Bodkin Arrow
44:39 Leather Archer Armor
44:46 Ballistics
45:27 Chemistry
pancomido3
11:51 Feudal Age
12:30 Loom
12:45 Double-Bit Axe
19:45 Castle Age
22:25 Fletching
24:40 Horse Collar
27:50 Heavy Plow
30:51 Bow Saw
32:07 Wheelbarrow
33:23 Town Watch
34:41 Gold Mining
35:16 Bodkin Arrow
35:59 Padded Archer Armor
37:45 Ballistics
40:30 Imperial Age
38:07 Scale Mail Armor
38:25 Town Patrol
38:04 Pikeman
40:06 Stone Mining
40:44 Hand Cart
42:11 Chemistry
40:33 Elite Composite Bowman
41:36 Conscription
42:54 Gold Shaft Mining
42:39 Bracer
42:38 Gambesons
43:02 Man-at-Arms
44:00 Chain Mail Armor
43:55 Forging
43:52 Long Swordsman
43:59 Halberdier
44:31 Two-Handed Swordsman
45:20 Fereters
45:31 Squires
46:06 Plate Mail Armor
46:12 Iron Casting
45:55 Champion
Berkshire's Blankets & Home Co.
5:07 Loom
11:17 Feudal Age
12:11 Double-Bit Axe
12:10 Horse Collar
15:05 Castle Age
16:19 Bow Saw
17:34 Town Watch
18:24 Wheelbarrow
20:17 Hand Cart
21:51 Scale Mail Armor
24:30 Arson
25:20 Squires
25:48 Chain Mail Armor
25:44 Forging
26:03 Stone Mining
26:03 Gold Mining
26:32 Gambesons
28:43 Iron Casting
32:23 Imperial Age
32:26 Elite Varangian Guard
33:37 Plate Mail Armor
35:17 Fletching
36:01 Shield Wall
37:02 Conscription
36:56 Cranequins
36:57 Heavy Mounted Crossbowman
37:34 Bodkin Arrow
37:45 Husbandry
37:55 Bloodlines
38:25 Thumb Ring
38:21 Bracer
40:16 Chemistry
41:14 Ballistics
46:53 Hoardings
Connection lost

Rejoining the realm…

Still unreachable

The connection could not be restored.

Session expired

The server has moved on; the page needs a fresh start.